 Dungeon Crawl Stone Soup version 0.28-a0-1212-gc6b4282bc0 (webtiles) character file.

Game seed: 17841733092206196274

5 Lekart the Skirmisher (level 1, 0/19 HPs)
             Began as a Draconian Chaos Knight on Dec 21, 2021.
             Was a Plaything of Xom.
             Slain by a quokka (2 damage)
             ... on level 1 of the Dungeon.
             The game lasted 00:00:29 (254 turns).

Lekart the Skirmisher (Draconian Chaos Knight)       Turns: 254, Time: 00:00:29

Health: 0/19       AC:  4    Str: 14    XL:     1   Next: 66%
Magic:  1/1        EV: 12    Int: 12    God:    Xom [..*...]
Gold:   20         SH:  0    Dex: 10    Spells: 0/0 levels left

rFire   . . .      SeeInvis .   a - +0 hand axe (chaos)
rCold   . . .      Faith    .   (no shield)
rNeg    . . .      Spirit   .   (armour unavailable)
rPois   .          Reflect  .   (helmet restricted)
rElec   .          Harm     .   (no cloak)
rCorr   .          Rampage  .   (no gloves)
Will    .....                   (no boots)
Stlth   +.........              (no amulet)
HPRegen 0.06/turn               (no ring)
MPRegen 0.07/turn               (no ring)

@: mighty
A: AC +4, unfitting armour, cold-blooded
a: Renounce Religion


You were on level 1 of the Dungeon.
You worshipped Xom.
You were a toy of Xom.
You visited 1 branch of the dungeon, and saw 1 of its levels.

You collected 20 gold pieces.

Inventory:

Hand Weapons
 a - a +0 hand axe of chaos (weapon)
Scrolls
 b - a scroll of fog {unknown}
 c - a scroll of teleportation {unknown}


   Skills:
 + Level 3.4 Fighting
 + Level 3.1 Axes
 + Level 2.2 Dodging


You couldn't memorise any spells.
You didn't know any spells.
Your spell library was empty.

Dungeon Overview and Level Annotations

Branches:
Dungeon (1/15)

Altars:


Innate Abilities, Weirdness & Mutations

Your plain brown scales are hard. (AC +4)
You cannot fit into any form of body armour.
You are cold-blooded and may be slowed by cold attacks.


Message History

You barely miss the quokka.
The quokka is lightly wounded.
You hit the giant cockroach. The quokka barely misses you.
The giant cockroach barely misses you.
You hit the quokka.
The quokka is moderately wounded.
You hit the giant cockroach.
The quokka bites you but does no damage.
The giant cockroach barely misses you. The quokka bites you.
* * * LOW HITPOINT WARNING * * *
You closely miss the quokka.
The quokka is moderately wounded.
You closely miss the giant cockroach.
The giant cockroach bites you but does no damage.
The quokka bites you.
You die... "Leave my toy alone!"
Xom revives you! The giant cockroach bites you.
* * * LOW HITPOINT WARNING * * *
Unknown command.
Unknown command. "Let's try an experiment, hmmm?"
Your scroll labelled HYC NEYRYW falls out of your pack, then immediately jumps back in!
The quokka closely misses you.
The giant cockroach bites you but does no damage.
The quokka closely misses you. "Go forth and destroy!"
You feel very mighty all of a sudden. The giant cockroach closely misses you.
Okay, then.
Found a long sword.
The quokka bites you but does no damage.
The quokka closely misses you.
Xom snickers.
You do an impromptu tapdance.
The quokka misses you. The quokka bites you.
You die... "I guess I need a new plaything now."

#############
#....Br@....#
#.#########.#
#.# #.# #.#
### #.# ..
#.###.##
#.##...#
#.##...### #


You could see a quokka and a giant cockroach.

Vanquished Creatures
  A hobgoblin (D:1)
  A quokka (D:1)
  2 frilled lizards (D:1)
  A kobold (D:1)
  A rat (D:1)
6 creatures vanquished.

Notes
Turn   | Place    | Note
-------+----------+-------------------------------------------
     0 | D:1      | Lekart the Draconian Chaos Knight began the quest for the
                  | Orb.
     0 | D:1      | Reached XP level 1. HP: 19/19 MP: 1/1
   104 | D:1      | XOM: silly message
   154 | D:1      | XOM: silly message
   230 | D:1      | Xom revived you
   231 | D:1      | XOM: silly message
   233 | D:1      | XOM: potion effect (might)
   243 | D:1      | XOM: silly message
   254 | D:1      | Slain by a quokka

Illustrated notes

Levels and vault maps discovered:
D:1:      scummos_arrival_checkerplants, layout_loops_ring

Action                   || total
-------------------------++-------
Melee: Hand axe          ||    22
       Tailslap          ||     1
Armor: Skin              ||     9
Dodge: Dodged            ||    21

Table legend: (Time is in decaauts)
 A = Elapsed time spent in this place.
 B = Non-inter-level travel time spent in this place.
 C = Inter-level travel time spent in this place.
 D = Time resting spent in this place.
 E = Time spent auto-exploring this place.
 F = Levels seen in this place.
 G = Mean time per level.
                   A        B        C        D        E       F      G
               +--------+--------+--------+--------+--------+-----+--------+
         Total |    257 |    257 |      0 |      0 |    184 |   1 |  257.0 |
       Dungeon |    257 |    257 |      0 |      0 |    184 |   1 |  257.0 |
               +--------+--------+--------+--------+--------+-----+--------+

Top non-repeatable levels by time:
     D:1: 257 daAuts
